[Event "MČR v bleskovém šachu družstev 2019"]
[Site "Teplice, Czech Republic"]
[Date "2019.09.14"]
[Round "6.2"]
[White "Polak, Tomas"]
[Black "Studnicka, Tomas"]
[Result "1-0"]
[TimeControl "3 mim. + 2 s"]
[WhiteTitle "GM"]
[BlackTitle "IM"]
[WhiteFideId "300560"]
[WhiteElo "2510"]
[BlackElo "2215"]

1. d4 Nf6 2. c4 g6 3. Nc3 Bg7 4. e4 d6 5. Nf3 O-O 6. Be2 e5 7. O-O Nc6 8. d5 Ne7 9. b4 Ne8 10. c5 f5 11. Ng5 h6 12. Ne6 Bxe6 13. dxe6 fxe4 14. cxd6 cxd6 15. Nxe4 b6 16. b5 d5 17. Ba3 Nc7 18. Bg4 Re8 19. Nd6 Rf8 20. Rc1 Bf6 21.
Nf7 Qb8 22. Bd6 Rc8 23. Nxe5 Qb7 24.
Nd7 Bh4 25. g3 Nxb5 26. Be5 Bg5 27. f4 h5 28. Rxc8+ Rxc8 29. Bxh5 Bh6 30. Bf3 Nc3 31. Qd3 Ne4 32. Nf6+ Kf8 33. Nxe4 dxe4 34. Bxe4 Nc6 35. Qd6+ Kg8 36. Qd7 1-0

[Event "MČR v bleskovém šachu družstev 2019"]
[Site "Teplice, Czech Republic"]
[Date "2019.09.14"]
[Round "6.3"]
[White "Cech, Pavel"]
[Black "Stocek, Jiri"]
[Result "0-1"]
[TimeControl "3 mim. + 2 s"]
[WhiteTitle "IM"]
[BlackTitle "GM"]
[BlackFideId "304760"]
[WhiteElo "2387"]
[BlackElo "2505"]

1. d4 d6 2. e4 Nf6 3. Nc3 g6 4. Be3 a6 5. Bd3 Bg7 6. Qd2 Ng4 7. Nf3 Nxe3 8. fxe3 b5 9. a4 b4 10. Nd5 a5 11. c3 c6 12.
Nf4 e5 13. Ne2 bxc3 14. bxc3 Nd7 15. O-O O-O 16. Rfb1 Re8 17. Ng3 d5 18. exd5 cxd5 19. e4 exd4 20. cxd4 dxe4 21. Bxe4 Ra6 22.
Bb7 Bxb7 23. Rxb7 Nc5 24. Rb5 Ne4 25. Nxe4 Rxe4 26. Rd1 Rd6 27. d5 Rxa4 28. Rdb1 Rb4 29. R1xb4 axb4 30. Qxb4 Bf8 31.
Rb8 Qf6 32. h3 Rd8 33. Qb5 Qa1+ 34. Kf2 Qa7+ 35. Rb6 Rb8 0-1

[Event "MČR v bleskovém šachu družstev 2019"]
[Site "Teplice, Czech Republic"]
[Date "2019.09.14"]
[Round "6.4"]
[White "Vymazal, Bronislav"]
[Black "Sodoma, Jan"]
[Result "1-0"]
[TimeControl "3 mim. + 2 s"]
[BlackTitle "IM"]
[WhiteFideId "318396"]
[WhiteElo "2309"]
[BlackElo "2193"]

1. g3 Nf6 2. Bg2 d5 3. f4 g6 4. Nf3 Bg7 5. d3 b6 6. O-O Bb7 7. Ne5 O-O 8. Nc3 Nbd7 9. Nxd7 Qxd7 10. e4 dxe4 11. dxe4 Rfd8 12. Qe2 e5 13.
f5 a5 14. Rd1 Qc6 15. fxg6 Rxd1+ 16. Qxd1 hxg6 17. Bg5 Qc5+ 18. Kh1 Qd4 19. Qf3 Nh7 20. Be3 Qb4 21. Rb1 Rd8 22. a3 Qe7 23. Nd5 Bxd5 24. exd5 Qd6 25.
c4 Nf6 26. Rf1 Rd7 27. Bh3 e4 28. Qf2 Re7 29. Bg5 Re5 30. Bxf6 Bxf6 31. Qxf6 1-0

[Event "MČR v bleskovém šachu družstev 2019"]
[Site "Teplice, Czech Republic"]
[Date "2019.09.14"]
[Round "6.5"]
[White "Rubes, Jan"]
[Black "Liska, Jiri"]
[Result "0-1"]
[TimeControl "3 mim. + 2 s"]
[WhiteTitle "FM"]
[BlackTitle "FM"]
[WhiteFideId "338176"]
[WhiteElo "2316"]
[BlackElo "2241"]

1. c4 Nf6 2. Nc3 d5 3. cxd5 Nxd5 4. g3 g6 5. Bg2 Nxc3 6. bxc3 Bg7 7. Rb1 c6 8. h4 Nd7 9. h5 Qa5 10. Qc2 Nb6 11. hxg6 hxg6 12. Rxh8+ Bxh8 13. Nf3 Bf5 14. e4 Be6 15. d4 Qxa2 16. Qxa2 Bxa2 17. Ra1 Bb3 18. Be3 a5 19. Nd2 a4 20. Nxb3 axb3 21. Rxa8+ Nxa8 22.
Kd2 Nb6 23. Bf1 Kd7 24. f4 e6 25. e5 Bg7 26. c4 Na4 27.
Be2 Bf8 28. Bd1 Bb4+ 29. Kd3 b2 30. Bc2 Nc3 31. Bd2 Na2 32. Bb1 Nc1+ 33. Kc2 Bxd2 34. Kxd2 b5 35. cxb5 cxb5 36. Kc3 Ne2+ 37. Kxb2 Nxg3 38. Kc3 Kc6 39. Bd3 Nh5 40. Be4+ Kb6 41. d5 Nxf4 42. d6 Nd5+ 43.
Kd4 Kc6 44. Bf3 g5 45. Be2 b4 46. Bb5+ Kb7 47. Bc4 Nb6 48. Be2 Kc6 49. Bf3+ Kd7 50. Kc5 Nd5 51. Be2 b3 52. Bb5+ Kd8 53. Bd3 g4 54. Kc4 b2 55. Kb3 Nf4 56. Be4 g3 57. Kxb2 g2 58. Bxg2 Nxg2 59. Kc3 Nh4 60. Kd4 Kd7 61.
Ke4 Ng6 62. Kd4 Kc6 63. Ke4 Nf8 64.
Kf4 Kd5 0-1

[Event "MČR v bleskovém šachu družstev 2019"]
[Site "Teplice, Czech Republic"]
[Date "2019.09.14"]
[Round "6.6"]
[White "Vltavsky, Vladimir"]
[Black "Hadraba, Vladimir"]
[Result "1/2-1/2"]
[TimeControl "3 mim. + 2 s"]
[BlackFideId "301663"]
[WhiteElo "2252"]
[BlackElo "2095"]

1. e4 c5 2. Nf3 e6 3. c3 d5 4. exd5 exd5 5. d4 Nc6 6. Bb5 Bd6 7. O-O Nge7 8. dxc5 Bxc5 9. Nbd2 O-O 10. Nb3 Bb6 11. Nfd4 a6 12. Bd3 Nxd4 13. Nxd4 Bxd4 14. cxd4 Bf5 15. Bg5 Bxd3 16. Qxd3 h6 17.
Bh4 Qd7 18. Bxe7 1/2-1/2

[Event "MČR v bleskovém šachu družstev 2019"]
[Site "Teplice, Czech Republic"]
[Date "2019.09.14"]
[Round "6.7"]
[White "Kral, David"]
[Black "Marsalek, Zdenek"]
[Result "0-1"]
[TimeControl "3 mim. + 2 s"]
[WhiteFideId "326097"]
[WhiteElo "2028"]
[BlackElo "2272"]

1. d4 d5 2. c4 c6 3. Nc3
Nf6 4. Bg5 dxc4 5. a4 Qa5 6. Bxf6 exf6 7. e4 Bb4 8. Qc2 Be6 9. Nf3 O-O 10. Be2 Nd7 11. O-O Nb6 12. Rfd1 Rad8 13.
h3 Rfe8 14. g4 Re7 15. Nh4 g6 16. f4 Bc8 17. Bf3 Rde8 18. f5 g5 19. Ng2 Nd7 20. Ne3 Nb6 21. Kg2 Bd6 22. Rh1 Bf4 23. Nf1 Rd8 24. Qf2 Red7 25. Ne2 Bb8 26.
h4 Qb4 27. hxg5 fxg5 28. f6 Qxb2 29. Ne3 Rxd4 30. Nxd4 Qxf2+ 31. Kxf2 Rxd4 32. Rh5 Bf4 33. Rah1 Kf8 34. Rxh7 Ke8 35. Rh8+ Kd7 36. R1h7 Rd2+ 37. Be2 c3 38. Rxf7+ Ke6 39.
Rff8 c2 40. Nxc2 Rxc2 41. f7 Bd6 42. Rh6+ Ke7 43. Rhh8 Bc5+ 44. Kf3 Rc3+ 45. Kg2 Be6 46. a5 Nd7 47. Re8+ Kxf7 48. Ra8 Rc2 49.
Kf3 Rc3+ 50. Kg2 a6 51. Rh7+ Kf6 52. Rxd7 Bxd7 53. Rb8 Be6 54. Rxb7 Rc2 55. Kf1 Ke5 56. Rc7 Kd6 57. Rg7 Be3 58.
Rg6 Ke5 59. Rg7 Kxe4 60. Re7 Ke5 61.
Rb7 Bd5 62. Re7+ Kf4 63. Ke1 Rc1+ 64. Bd1 Bb3 65. Re4+ Kxe4 0-1

[Event "MČR v bleskovém šachu družstev 2019"]
[Site "Teplice, Czech Republic"]
[Date "2019.09.14"]
[Round "6.8"]
[White "Duran, Tomas"]
[Black "Krutsky, Martin"]
[Result "1-0"]
[TimeControl "3 mim. + 2 s"]
[BlackFideId "361526"]
[WhiteElo "2135"]
[BlackElo "1974"]

1. e4 c5 2. Nf3 d6 3. c3 Nf6 4. Be2 e6 5. O-O Be7 6.
d3 O-O 7. h3 Nc6 8. Be3 a6 9. a4 b6 10. Nbd2 Bb7 11. Qc2 Rc8 12. Rfd1 Qc7 13. Bf4 Ne5 14. Nxe5 dxe5 15. Be3 Rfd8 16. Nc4 Ba8 17. Bf3 Nd7 18. g3 f5 19. Qe2 f4 20.
Bc1 fxg3 21. fxg3 Rf8 22. Bg4 Kh8 23. Bxe6 Rf6 24. Bg4 Rcf8 25. Be3 h6 26. Rf1 Qc6 27. Rxf6 Qxf6 28. Rf1 Qxf1+ 29. Qxf1 Rxf1+ 30.
Kxf1 b5 31. Bxd7 bxc4 32. dxc4 Bxe4 33. Ke2 Bc2 34. a5 Bb3 35. Kd3 Bd8 36. Bxc5 Bxa5 37. Bc8 Bc7 38. Bxa6 e4+ 39. Kxe4 Bxc4 40. Bxc4 1-0

[Event "MČR v bleskovém šachu družstev 2019"]
[Site "Teplice, Czech Republic"]
[Date "2019.09.14"]
[Round "6.9"]
[White "Krejci, Jan"]
[Black "Soural, Jan"]
[Result "1-0"]
[TimeControl "3 mim. + 2 s"]
[WhiteTitle "GM"]
[WhiteFideId "322156"]
[BlackFideId "311928"]
[WhiteElo "2527"]
[BlackElo "2107"]

1. d4 Nf6 2. c4 g6 3. Nc3 d5 4. cxd5 Nxd5 5. Bd2 Nb6 6. Nf3 Bg7 7. e3 O-O 8.
Be2 Nc6 9. O-O e5 10. dxe5 Nxe5 11.
Nxe5 Bxe5 12. Qc2 c6 13. Rad1 Qe7 14. a4 a5 15. h3 Be6 16. b3 Rfd8 17. e4 Qf6 18. f4 Rxd2 19. Rxd2 Bxc3 20. e5 Bxe5 21. fxe5 Qxe5 22. Kh1 Nd5 23. Qc5 Qg3 24. Qf2 Qxb3 25. Bg4 Nb4 26.
Bxe6 Qxe6 27. Re2 Qd7 28. Qf6 Nd5 29. Qd4 Rd8 30. Ref2 f5 31. Re2 Nb4 32. Qh4 Qd4 33. Re8+ Kg7 34.
Re7+ Kf8 35. Qxh7 Qf6 36. Rfe1 Nd5 37.
R1e6 Qxe7 38. Rxe7 Nxe7 39. Qh8+ Ng8 40. Qe5 Re8 41. Qxa5 Re7 42. Qd8+ Kf7 43. a5 Nf6 44. Qd4 Ne4 45. Kh2 Re8 46. g4 fxg4 47. hxg4 g5 48. Qc4+ Kf6 49. Qf1+ Kg7 50. Qf5 Re7 51. Kg2 Kg8 52.
Kf3 Kg7 53. Qc8 Kg6 54. Kg2 Kg7 55. Qd8 Kf7 56. Qh8 Nf6 57. Qh6 Ne4 58. Qh7+ Ke8 59. Qg8+ Kd7 60.
Qb8 Ke6 61. Qf8 c5 62. Qf5+ Kd6 63. Qg6+ Re6 64. Qf7 Re7 65. Qg6+ Re6 66. Qg7 Re7 67. Qf8 c4 68. Qd8+ Rd7 69. Qb6+ Ke5 70. Qb5+ Ke6 71. Qf5+ Kd6 72.
Qxe4 Rc7 73. Qg6+ Kd5 74. Qxg5+ Kd4 75. Qf4+ 1-0

[Event "MČR v bleskovém šachu družstev 2019"]
[Site "Teplice, Czech Republic"]
[Date "2019.09.14"]
[Round "6.10"]
[White "Vokoun, Jan"]
[Black "Sorm, Daniel"]
[Result "1-0"]
[TimeControl "3 mim. + 2 s"]
[WhiteTitle "FM"]
[BlackTitle "FM"]
[WhiteFideId "301647"]
[BlackFideId "5400139"]
[WhiteElo "2123"]
[BlackElo "2310"]

1. e4 c5 2. Be2 Nc6 3. f4 e6 4. Nf3 d5 5. d3 Nf6 6. e5 Nd7 7. O-O Be7 8. c3 d4 9. c4 O-O 10.
Nbd2 b6 11. Ne4 Bb7 12. a3 h6 13. Qe1 f5 14. exf6 Nxf6 15. Nxf6+ Bxf6 16. Nd2 Bh4 17. g3 Be7 18. Bf3 Qd7 19.
Bg4 Bc8 20. Qe4 Bf6 21. Re1 Re8 22. Bh5 Re7 23. Bf3 Bb7 24. Qg6 Qe8 25. Qxe8+ Raxe8 26. Ne4 Na5 27. b4 Nb3 28. Rb1 Nxc1 29. Rexc1 cxb4 30. axb4 Bxe4 31. Bxe4 Rc7 32. c5 e5 33. f5 Bg5 34. Rc2 a5 35. c6 a4 36. b5 Be7 37. Kg2 a3 38. Ra2 Ra8 39. Kf3 Kf7 40.
h4 h5 41. Rg1 Ra4 42. Rb1 Rca7 43. Rb3 Ke8 44. g4 hxg4+ 45. Kxg4 Kd8 46. Kh5 Bd6 47. Kg6 R4a5 48. h5 Rc7 49. f6 gxf6 50. h6 Raa7 51. Kxf6 Rf7+ 52. Ke6 Bb8 53. h7 Rae7+ 54. Kd5 Rxh7 55. Bxh7 Rxh7 56. Raxa3 Rh5 57. Ra8 Kc8 58.
Rba3 Rh1 59. R3a7 Rc1 60. Rb7 Rc5+ 61. Ke6 1-0

[Event "MČR v bleskovém šachu družstev 2019"]
[Site "Teplice, Czech Republic"]
[Date "2019.09.14"]
[Round "6.11"]
[White "Strasil, Pavel"]
[Black "Postupa, Martin"]
[Result "1-0"]
[TimeControl "3 mim. + 2 s"]
[WhiteFideId "308013"]
[BlackFideId "325210"]
[WhiteElo "2026"]
[BlackElo "1958"]

1. d4 d5 2. c4 e6 3. Nc3 Nf6 4. Bg5 Be7 5. cxd5 exd5 6. e3 O-O 7. Qc2 h6 8.
Bxf6 Bxf6 9. Bd3 b6 10. Nge2 c5 11. O-O Bb7 12. Bf5 Nc6 13. Rad1 c4 14. Bg4 Re8 15. Bf3 Nb4 16. Qb1 a5 17.
a3 Na6 18. Qf5 Nc7 19. e4 g6 20.
Qf4 Bg5 21. Qg3 dxe4 22. Bg4 Nd5 23. Nxd5 Qxd5 24. Nc3 Qd8 25. Rfe1 b5 26. d5 b4 27. Nxe4 Bh4 28. Qf4 f5 29.
Nc5 Rxe1+ 30. Rxe1 Qxd5 31. Bf3 Qxc5 32. Bxb7 Rb8 33. Bf3 bxa3 34. bxa3 c3 35. Qxh4 c2 36. Qxh6 Rb6 37. Bd5+ Qxd5 38. Re8+ Kf7 39. Qf8# 1-0

[Event "MČR v bleskovém šachu družstev 2019"]
[Site "Teplice, Czech Republic"]
[Date "2019.09.14"]
[Round "6.12"]
[White "Krouzel, Jaroslav"]
[Black "Krejci, Jan"]
[Result "1/2-1/2"]
[TimeControl "3 mim. + 2 s"]
[WhiteFideId "301566"]
[BlackFideId "316873"]
[WhiteElo "2086"]
[BlackElo "2048"]

1. d4 d5 2. Nf3 Nf6 3.
Bf4 Bf5 4. e3 e6 5. c4 c6 6. Nc3 Nbd7 7. Bd3 Bxd3 8. Qxd3 Be7 9. O-O O-O 10. h3 h6 11. Rfd1 a6 12. e4 dxe4 13. Nxe4 Nxe4 14. Qxe4 Nf6 15.
Qc2 Qa5 16. Ne5 Rfd8 17. a3 Nd7 18. b4 Qc7 19. c5 Nxe5 20. Bxe5 Qd7 21. a4 Qd5 22. Qa2 Qxa2 23. Rxa2 Rd5 24.
Rad2 Rad8 25. Bf4 Bf6 26. Be3 h5 27. f4 g6 28. Kf2 Bg7 29. Kf3 f5 30. Rd3 1/2-1/2

[Event "MČR v bleskovém šachu družstev 2019"]
[Site "Teplice, Czech Republic"]
[Date "2019.09.14"]
[Round "6.13"]
[White "Bach, Markus"]
[Black "Jirovsky, Milos"]
[Result "0-1"]
[TimeControl "3 mim. + 2 s"]
[BlackTitle "GM"]
[WhiteFideId "24603376"]
[BlackFideId "303224"]
[WhiteElo "2259"]
[BlackElo "2499"]

1. d4 d5 2. Bg5 f6 3. Bf4 Nc6 4. Nf3 Bg4 5. Nbd2 Nxd4 6.
Nxd4 e5 7. h3 Bc8 8. Be3 exd4 9.
Bxd4 Bd6 10. Nf3 Ne7 11. e3 O-O 12.
Be2 Be6 13. O-O Qd7 14. Nh2 Rad8 15. b3 c5 16. Bb2 Be5 17. Qc1 Nc6 18. Rd1 Qf7 19. Ng4 Bb8 20. c4 d4 21. exd4 Nxd4 22. Bxd4 cxd4 23. Bf3 Qc7 24.
g3 Bf5 25. Qd2 Be6 26. Kg2 Qd7 27.
Rh1 h5 28. Nxf6+ gxf6 29. Qh6 Qg7 30. Qxh5 Be5 31. Rae1 d3 32. Be4 d2 33. Rd1 f5 34. Bxb7 Qxb7+ 35. Qg6+ 0-1

[Event "MČR v bleskovém šachu družstev 2019"]
[Site "Teplice, Czech Republic"]
[Date "2019.09.14"]
[Round "6.15"]
[White "Tresnak, Filip"]
[Black "Dolezal, Radoslav"]
[Result "0-1"]
[TimeControl "3 mim. + 2 s"]
[BlackTitle "IM"]
[WhiteFideId "333905"]
[BlackFideId "304735"]
[WhiteElo "1931"]
[BlackElo "2359"]

1. e4 c6 2. d4 d5 3. Nc3 dxe4 4. Nxe4 Nd7 5. Nf3 Ngf6 6. Ng3 g6 7. Bd3 Bg7 8. O-O O-O 9. Re1 b6 10. c3 c5 11. Qe2 e6 12. Ne5 Bb7 13. b3 Nd5 14. Bd2 cxd4 15. cxd4 Rc8 16. Rac1 Nxe5 17. dxe5 Qe7 18. f4 Qa3 19. Bb1 Qb2 20. Bc3 Qxe2 21. Nxe2 Ba6 22. Bd2 Rxc1 23. Bxc1 Rc8 24. Nd4 Bf8 25. Kh1 Bb4 26. Rd1 Nc3 27. Bd2 Nxd1 28. Bxb4 Rc1 0-1

[Event "MČR v bleskovém šachu družstev 2019"]
[Site "Teplice, Czech Republic"]
[Date "2019.09.14"]
[Round "6.16"]
[White "Postupa, Pavel"]
[Black "Prudek, Jiri"]
[Result "1-0"]
[TimeControl "3 mim. + 2 s"]
[WhiteFideId "326410"]
[BlackFideId "327310"]
[WhiteElo "2184"]
[BlackElo "1962"]

1. e4 c5 2. Nf3 e6 3. g3 Qc7 4. Bg2 Nc6 5. O-O d6 6.
Qe2 Nf6 7. Rd1 Be7 8. d4 cxd4 9. Nxd4 Nxd4 10. Rxd4 Bd7 11. Nc3 Bc6 12. Bg5 h6 13. Be3 a6 14. Rad1 Rc8 15. h3 g5 16.
a3 Nd7 17. R4d2 Ne5 18. Bd4 Rg8 19. f4 gxf4 20. gxf4 Ng6 21. Qg4 Kf8 22. Qh5 Nh4 23. Qxh6+ Ke8 24. Kh2 Nxg2 25. Rxg2 Rxg2+ 26. Kxg2 Kd7 27. Qh7 Rf8 28. Bg7 Re8 29. Kh2 Kc8 30. Bd4 Rf8 31. Qg7 Qd8 32. e5 d5 33.
Rg1 Qe8 34. Ne2 Kb8 35. Ng3 Rg8 36.
Qh7 Rh8 37. Qd3 Rh4 38. Ne2 Qh8 39. Rg3 Bb5 40. Qe3 Bxe2 41. Qxe2 Rxf4 42. Qe3 Qh4 43. Rg8+ Kc7 44. Qc3+ Kd7 45. Qc8# 1-0

[Event "MČR v bleskovém šachu družstev 2019"]
[Site "Teplice, Czech Republic"]
[Date "2019.09.14"]
[Round "6.17"]
[White "Babicka, Michal"]
[Black "Bernasek, Jan"]
[Result "0-1"]
[TimeControl "3 mim. + 2 s"]
[BlackTitle "GM"]
[BlackFideId "311995"]
[WhiteElo "2076"]
[BlackElo "2526"]

1. e4 c5 2. Nf3 e6 3. Nc3 a6 4. Be2 b5 5. a3 Bb7 6. d3 d5 7. exd5 exd5 8. O-O Nf6 9. Bg5 Be7 10. d4 c4 11.
Ne5 O-O 12. Bf3 Nbd7 13. Nxd7 Qxd7 14. Ne2 h6 15. Bh4 g5 16. Bg3 g4 17. Nf4 gxf3 18. Qxf3 Qf5 19. Rae1 Ne4 20. c3 Bg5 21. h4 Nd2 22. Qh5 Nxf1 23.
Rxf1 Rae8 24. Nh3 f6 25. hxg5 hxg5 26. Bd6 Rf7 27. f4 Qh7 28. Qg4 Bc8 29. f5 Re4 30. Qg3 Bxf5 31. Nf4 Be6 32.
Bc5 Qh4 33. Qxh4 gxh4 34. Nh5 f5 35.
Nf4 Rg7 36. Nh5 Rg6 37. Nf4 Rg4 38.
Nh5 Kf7 39. Kh2 Kg6 0-1

[Event "MČR v bleskovém šachu družstev 2019"]
[Site "Teplice, Czech Republic"]
[Date "2019.09.14"]
[Round "6.18"]
[White "Cernousek, Lukas"]
[Black "Mach, Petr"]
[Result "1-0"]
[TimeControl "3 mim. + 2 s"]
[WhiteTitle "IM"]
[WhiteFideId "311707"]
[WhiteElo "2473"]
[BlackElo "1961"]

1. Nf3 c5 2. e3 Nc6 3. d4 cxd4 4.
exd4 d5 5. c4 Nf6 6. Nc3 g6 7. cxd5 Nxd5 8. Qb3 Nxc3 9. Bc4 e6 10. bxc3 Bd7 11. Bd3 Qc7 12. O-O Bd6 13. Bh6 Rc8 14.
Rac1 Na5 15. Qb2 Bf4 16. Bxf4 Qxf4 17. Qa3 Nc6 18. Rfe1 Ne7 19. Ne5 Bc6 20. g3 Qf6 21. Nxc6 bxc6 22. Qxa7 O-O 23. Qc5 Nd5 24. c4 Ne7 25. Qe5 Qxe5 26. dxe5 Rfd8 27. Red1 Ra8 28. Bb1 Nf5 29.
Kg2 Nd4 30. Rc3 c5 31. Rd2 Rdb8 32. Be4 Ra5 33. f4 Kf8 34.
h4 Ke7 35. h5 Ra7 36. h6 Ra6 37. a3 Ra5 38. Kf2 Rb6 39. Ke3 Rba6 40. Ra2 Nc6 41. Bxc6 Rxc6 42. Rb3 Rc7 43. Rb5 Ra4 44. Kd3 Kd7 45. Kc3 Kc6 46. Kb3 Ra8 47. Rd2 Rca7 48. Rd6+ Kc7 49.
Rxc5+ Kb7 50. Rb5+ Kc7 51. Rc5+ Kb7 52. Rd7+ Kb6 53. Rb5+ Kc6 54. Rxa7 Rxa7 55. Kb4 Rd7 56. Rc5+ Kb6 57. Rb5+ Kc6 58. Ra5 Kb6 59. c5+ Kc6 60. Ra6+ Kb7 61. c6+ Kxa6 62. cxd7 1-0

[Event "MČR v bleskovém šachu družstev 2019"]
[Site "Teplice, Czech Republic"]
[Date "2019.09.14"]
[Round "6.19"]
[White "Kovar, Vojtech"]
[Black "Vrbata, Zbynek"]
[Result "1/2-1/2"]
[TimeControl "3 mim. + 2 s"]
[BlackTitle "FM"]
[BlackFideId "301256"]
[WhiteElo "2247"]
[BlackElo "2324"]

1. d4 Nf6 2. Nf3 g6 3. c3 Bg7 4. h4 c5 5. e3 cxd4 6.
exd4 d5 7. Bd3 Nc6 8. Bg5 Bg4 9. Nbd2 Qb6 10. Qc2 Rc8 11. a3 O-O 12. Ne5 Nxe5 13. dxe5 Nd7 14. f3 Be6 15. h5 Nxe5 16. hxg6 fxg6 17. O-O-O Nxd3+ 18. Qxd3 Bf5 19. Qxd5+ e6 20. Qb3 Qa6 21. g4 Bd3 22.
Ne4 Bxe4 23. fxe4 Bxc3 24. Kb1 Bg7 25. Rd7 Qc6 26. Rxb7 Qxe4+ 27. Ka2 Qxh1 28. Qxe6+ Kh8 29. Rxg7 Kxg7 30. Qe5+ Kg8 31. Qe6+ Kg7 32. Qe5+ Kf7 33. Qe7+ Kg8 34. Qe6+ Kg7 35. Qe5+ Kg8 36. Qe6+ Kg7 37. Qe5+ Kg8 38. Qe6+ Kg7 39. Qe5+
Rcd8 1/2-1/2

[Event "MČR v bleskovém šachu družstev 2019"]
[Site "Teplice, Czech Republic"]
[Date "2019.09.14"]
[Round "6.21"]
[White "Formanek, Martin"]
[Black "Sykora, Ondrej"]
[Result "1-0"]
[TimeControl "3 mim. + 2 s"]
[WhiteFideId "316768"]
[WhiteElo "2230"]
[BlackElo "2122"]

1. e4 e5 2. Nf3 Nc6 3. Bb5 a6 4. Ba4 d6 5. O-O Nf6 6. d3 Be7 7.
c3 O-O 8. Re1 Bg4 9. Nbd2 h6 10. Nf1 Nh7 11. h3 Bh5 12. Ng3 Bg6 13. d4 Bf6 14. Bxc6 bxc6 15. dxe5 dxe5 16. Qa4 Qd6 17. Be3 Rfb8 18. b3 Ng5 19. Nxg5 hxg5 20. Qc4 Qe6 21. Qxe6 fxe6 22.
Red1 Rd8 23. Kf1 Kf7 24. Ke2 Ke8 25. Rxd8+ Rxd8 26. Rd1 Rxd1 27. Kxd1 Kd7 28. Ke2 Be7 29. Kf3 c5 30.
Kg4 c4 31. b4 Kc6 32. a4 Kb7 33. Bxg5 Bf8 34. Kf3 c5 35. b5 axb5 36. axb5 Kb6 37. Ke3 Kxb5 38. f3 Ka4 39. Kd2 Kb3 40. Nf1 Bd6 41.
Bd8 Be8 42. Ne3 Kb2 43. Nd1+ Kb3 44. Ne3 Bf8 45. g4 g6 46.
h4 Bh6 47. g5 Bg7 48. Bf6 Bf8 49. Bxe5 Be7 50. Bf6 Bd6 51. e5 Bc7 52. Nd1 Ba5 53. Be7 Bc6 54. Bxc5 Bxf3 55. Bd4 Bh5 56. Ne3 Bc7 57. Ng2 Bd8 58. Nf4 Bf3 59. Nxg6 Be4 60. Nf4 Be7 61. Nxe6 Kb2 62. Nc5 Bf5 63. Nb7 Kb3 64. Nd6 1-0

[Event "MČR v bleskovém šachu družstev 2019"]
[Site "Teplice, Czech Republic"]
[Date "2019.09.14"]
[Round "6.22"]
[White "Hacha, Ales"]
[Black "Dvorak, Jan"]
[Result "1/2-1/2"]
[TimeControl "3 mim. + 2 s"]
[BlackFideId "314870"]
[WhiteElo "2065"]
[BlackElo "2229"]

1. e4 e6 2. Nf3 d5 3. exd5 exd5 4. d4 Bd6 5. Be2 Nc6 6.
O-O Nge7 7. c4 dxc4 8. Nc3 O-O 9. Bxc4 Bg4 10. Be3 Ng6 11. h3 Bd7 12. Bg5 Be7 13. Bxe7 Ncxe7 14. Re1 Nf5 15.
d5 Nd6 16. Bb3 Qf6 17. Qd4 Qxd4 18. Nxd4 Rfe8 19. Rad1 Kf8 20. Ba4 Bxa4 21. Nxa4 Nf4 22. Nc3 a6 23. h4 Rad8 24. g3 Rxe1+ 25. Rxe1 Nd3 26. Re2 Re8 27. Rd2 Ne5 28. Kg2 Nec4 29. Rc2 Nb6 30. b3 Re5 31. Re2 Rxe2 32. Ndxe2 Nb5 33. Kf3 Nxc3 34. Nxc3 Ke7 35. Ke4 Kd6 36. Kd4 c5+ 37. dxc6 Kxc6 38. Ne4 h6 39.
f4 Nd5 40. Nd2 Nf6 41. Ne4 Nd5 42. f5 Ne7 43. f6 gxf6 44. Nxf6 Nf5+ 45. Ke5 Nxg3 46. Ng4 h5 47. Nf6 Kc5 48. Kf4 Ne2+ 49. Ke3 1/2-1/2

[Event "MČR v bleskovém šachu družstev 2019"]
[Site "Teplice, Czech Republic"]
[Date "2019.09.14"]
[Round "6.23"]
[White "Kopta, Pavel"]
[Black "Zima, Jan"]
[Result "0-1"]
[TimeControl "3 mim. + 2 s"]
[WhiteTitle "FM"]
[WhiteFideId "309109"]
[WhiteElo "2234"]
[BlackElo "2048"]

1. d4 Nf6 2. c4 g6 3. Nc3 d5 4.
Bf4 Bg7 5. Rc1 dxc4 6. e4 c5 7. d5 Qa5 8. Bxc4 Nxe4 9. Qa4+ Qxa4 10. Nxa4 Bd7 11. Nc3 Nxc3 12. bxc3 b5 13. Bd3 Na6 14. Ne2 c4 15. Be4 Nc5 16. f3 O-O 17. O-O Rfd8 18. Rfd1 Rac8 19. Be3 a6 20.
Kf2 Kf8 21. Nd4 Be8 22. g4 h6 23. h4 e5 24. Nc6 Bxc6 25. dxc6 Nxe4+ 26. fxe4 Rxd1 27. Rxd1 Rxc6 28. Rd7 Bf6 29. g5 hxg5 30. hxg5 Bg7 31. Rb7 Ke8 32. Ke2 Bf8 33. Rb8+ Ke7 34. Rb7+ Ke6 35. Bb6 Be7 36. Be3 Bd8 37. Kf3 f5 38. exf5+ Kxf5 39.
Rf7+ Ke6 40. Rg7 Kf5 41. Rf7+ Ke6 42. Rg7 Kd5 43. Rd7+ Rd6 44. Rg7 Bb6 45. Bd2 a5 46. Rf7 e4+ 47. Ke2 Bc5 48.
Re7 b4 49. Bf4 b3 50. axb3 cxb3 51. Bxd6 Bxd6 52. Rb7 a4 53. Kd2 Bf4+ 54. Kd1 Bxg5 55. Rg7 a3 56. Rb7 b2 57.
Kc2 Bf6 58. Rb6 Ke5 59. Ra6 Be7 60.
Rxg6 Kf4 61. Re6 Bc5 62. Rc6 Be7 63. Re6 Bc5 64. Rc6 e3 65. Rxc5 e2 66. Rc4+ Kf3 0-1

[Event "MČR v bleskovém šachu družstev 2019"]
[Site "Teplice, Czech Republic"]
[Date "2019.09.14"]
[Round "6.24"]
[White "Broucek, Tomas"]
[Black "Chmel, Kristian"]
[Result "0-1"]
[TimeControl "3 mim. + 2 s"]
[BlackFideId "344281"]
[WhiteElo "2044"]
[BlackElo "2097"]

1. d4 Nf6 2. Nf3 g6 3. e3 Bg7 4. Bd3 O-O 5. O-O d6 6. e4 c5 7.
dxc5 dxc5 8. Nc3 Nc6 9. Be3 b6 10. Bb5 Nb4 11. Qe2 Bb7 12. Bf4 a6 13. Bc4 b5 14. Rad1 Qc8 15. Bd5 Nbxd5 16. Nxd5 Nxd5 17. exd5 Qf5 0-1

[Event "MČR v bleskovém šachu družstev 2019"]
[Site "Teplice, Czech Republic"]
[Date "2019.09.14"]
[Round "6.25"]
[White "Istona, Martin"]
[Black "Trepka, Jan"]
[Result "1/2-1/2"]
[TimeControl "3 mim. + 2 s"]
[WhiteTitle "FM"]
[WhiteFideId "14923475"]
[BlackFideId "322814"]
[WhiteElo "2078"]
[BlackElo "2186"]

1. e4 c6 2. d4 d5 3. e5 Bf5 4. h4 h5 5. Bd3 Bxd3 6. Qxd3 e6 7. Nf3 Ne7 8. Bg5 Qb6 9. b3 Nf5 10.
c4 dxc4 11. bxc4 Qb2 12. O-O Qxa1 13. Qb3 Nxd4 14. Nxd4 Qxd4 15. Qxb7 Qd7 16. Qxa8 Qc7 17. Be3 Be7 18. Qxa7 Qxa7 19. Bxa7 Kd7 20. g3 Na6 21. Be3 Rb8 22. Nc3 Rb2 23. Rb1 Rxb1+ 24. Nxb1 Nb4 25. Nc3 Nd3 26.
f4 Nb2 27. Ne4 Nxc4 28. Bc5 Bxc5+ 29. Nxc5+ Kc7 30. Kf2 Kb6 31. Ne4 Kb5 32. Ng5 f6 33. exf6 gxf6 34. Nxe6 Nd6 35. Ng7 Kc4 36. Nxh5 f5 37. Ng7 Kd3 38. Ne6 Ne4+ 39.
Kf3 c5 40. h5 c4 41. Nc5+ Nxc5 42. h6 c3 43. h7 c2 44.
h8=Q c1=Q 45. Qd8+ Kc4 46. Qg8+ Kb4 47. Qb8+ Kc3 48. Qe5+ Kb4 49.
Qb8+ Kc4 50. Qg8+ Kb5 51. Qb8+ Ka5 52. Qa8+ Kb4 53. Qb8+ Ka3 54. Qa7+ Kb2 55. Qb6+ Ka1 56. Qf6+ Kxa2 57. Qxf5 Qd1+ 58. Kg2 Nd3 59. Qd5+ Kb2 60.
Qd4+ Kc2 61. Qc4+ Kd2 62. Qa2+ Ke3 63. Qe6+ Kd2 64. Qa2+ Ke3 1/2-1/2

[Event "MČR v bleskovém šachu družstev 2019"]
[Site "Teplice, Czech Republic"]
[Date "2019.09.14"]
[Round "6.26"]
[White "Ruzicka, Ales"]
[Black "Markovic, Milan"]
[Result "1-0"]
[TimeControl "3 mim. + 2 s"]
[WhiteFideId "325252"]
[BlackFideId "305103"]
[WhiteElo "2102"]
[BlackElo "2113"]

1. e4 e5 2. Nf3 f5 3. d3 Nf6 4. Nc3 Nc6 5. Bg5 Be7 6. exf5 d6 7. Be2 Bxf5 8. Qd2 O-O 9. O-O Qd7 10.
Bxf6 Bxf6 11. Ne4 Be7 12. Ng3 Bg6 13. Rfe1 Rae8 14. Bf1 Bd8 15. c3 a6 16. Rad1 Kh8 17. Qe2 Qf7 18. Ne4 Bh5 19.
Ned2 e4 20. dxe4 Ne5 21. Qe3 Bxf3 22. Nxf3 Nxf3+ 23. gxf3 Qxf3 24. Qxf3 Rxf3 25. Bg2 Rf4 26. e5 Bh4 27. Re2 dxe5 28.
Bxb7 Ref8 1-0

[Event "MČR v bleskovém šachu družstev 2019"]
[Site "Teplice, Czech Republic"]
[Date "2019.09.14"]
[Round "6.27"]
[White "Svatos, Jan"]
[Black "Loskot, Petr"]
[Result "1-0"]
[TimeControl "3 mim. + 2 s"]
[WhiteTitle "FM"]
[WhiteFideId "304174"]
[BlackFideId "319570"]
[WhiteElo "2183"]
[BlackElo "2010"]

1. e4 Nc6 2. d4 d5 3. e5 f6 4. f4 Nh6 5. c3 Bg4 6. Be2 Qd7 7. Be3 Bxe2 8. Qxe2 O-O-O 9. Nd2 e6 10. Ngf3 fxe5 11. fxe5 Nf5 12.
Bf2 h6 13. g4 Nfe7 14. O-O-O g5 15. h4 gxh4 16. Bxh4 Re8 17. Bf6 Rg8 18. g5 hxg5 19. Nxg5 Nf5 20. Rh7 Be7 21. Qf3 Nd8 22.
Rf1 Qb5 23. Nxe6 Nxe6 24. Qxf5 Bxf6 25. exf6 Rgf8 26. Re1 Qc6 27. Re5 Kb8 28. Nf3 Qa6 29. a3 Qf1+ 30. Kc2 Qg2+ 31.
Nd2 Ng5 32. Rxe8+ Rxe8 33. f7 Nxf7 34. Qxf7 Rc8 35. Rg7 Qe2 36. Qxd5 a6 37. Qe4 Qh5 38.
Rh7 Qb5 39. Kb1 a5 40. Nf3 Qf1+ 41. Kc2 Qf2+ 42. Nd2 Qg1 43. Re7 Qg5 44. Re8 a4 45. Rxc8+ 1-0